 Dungeon Crawl Stone Soup version 0.19-a0-1720-gc855d72 (webtiles) character file.

51 JeffiDaFish the Sneak (level 3, 0/16 HPs)
             Began as a Spriggan Enchanter on Sept 29, 2016.
             Killed by nerve-wracking pain
             ... invoked by Jessica
              (11 damage)
             ... on level 2 of the Dungeon.
             The game lasted 00:04:46 (1842 turns).

JeffiDaFish the Sneak (Spriggan Enchanter)          Turns: 1842, Time: 00:04:47

Health: 0/16       AC:  5    Str:  7    XL:     3   Next: 58%
Magic:  0/8        EV: 18    Int: 19    God:
Gold:   59         SH:  0    Dex: 16    Spells: 2 memorised, 5 levels left

rFire  . . .     SeeInvis +     f - -2 dagger (curse)
rCold  . . .     Gourm    .     b - +2 robe
rNeg   . . .     Faith    .     (shield restricted)
rPois  .         Spirit   .     (helmet restricted)
rElec  .         Dismiss  .     (no cloak)
rCorr  .         Reflect  .     (gloves unavailable)
MR     .....     Harm     .     (boots unavailable)
Stlth  +++.......               g - amulet of inaccuracy (curse)
                                j - +3 ring of strength
                                i - +2 ring of intelligence

@: very slightly contaminated, drained, very quick
A: unfitting armour, see invisible, herbivore 3, speed 3, slow metabolism 2
a: no special abilities


You were on level 2 of the Dungeon.
You were not hungry.

You visited 1 branch of the dungeon, and saw 2 of its levels.

You collected 59 gold pieces.

Inventory:

Hand Weapons
 a - a +1 dagger
 f - a cursed -2 dagger (weapon)
Armour
 b - a +2 robe (worn)
Jewellery
 g - a cursed amulet of inaccuracy (around neck)
 i - a +2 ring of intelligence (left hand)
 j - a +3 ring of strength (right hand)
Scrolls
 e - a scroll of enchant armour
Potions
 h - 2 potions of brilliance {unknown}
Books
 c - a book of Maledictions

   Spells                             Type                      Level
   a - Corona                         Hexes                        1
   b - Ensorcelled Hibernation        Hexes/Ice                    2
   c - Confuse                        Hexes                        3
   d - Tukima's Dance                 Hexes                        3
   e - Dazzling Spray                 Conjuration/Hexes            3
Comestibles
 d - a bread ration


   Skills:
 + Level 0.1(0.0) Fighting
 + Level 1.4(0.6) Short Blades
 + Level 3.4(2.5) Dodging
 + Level 5.3(4.4) Stealth
 + Level 3.0(2.1) Spellcasting
 + Level 4.3(3.4) Hexes
 + Level 0.1(0.0) Ice Magic


You had 5 spell levels left.
You knew the following spells:

 Your Spells              Type           Power        Failure   Level  Hunger
a - Corona                Hex            ###....      4%          1    #......
b - Ensorcelled Hibernat  Hex/Ice        #.....       14%         2    ##.....


Dungeon Overview and Level Annotations

Branches:
Dungeon (2/15)

Altars:
Dithmenos
Yredelemnul

Annotations:
D:2 Jessica


Innate Abilities, Weirdness & Mutations

You are very small and have problems with some larger weapons.
You are too small for most types of armour.
You have supernaturally acute eyesight. (SInv)
You are a herbivore.
You cover ground extremely quickly.
You need consume almost no food.


Message History

Jessica hits you but does no damage.
You feel drained. The hobgoblin barely misses you.
You hit the hobgoblin.
You kill the hobgoblin!
Jessica misses you.
Things that are here:
a club; a hobgoblin corpse x2
Jessica gestures wildly while chanting.
Jessica blinks!
Casting: Ensorcelled Hibernation
Confirm with . or Enter, or press ? or * to list all spells.
Aiming: Ensorcelled Hibernation
Press: ? - help, Shift-Dir - straight line, f/p - Jessica
Aim: Jessica, wielding a dagger of draining and wearing a robe (not susceptible) Jessica is unaffected.
There is an open door here.
Jessica points at you and mumbles some strange words.
Pain shoots through your body!
Ouch! That really hurt!
You die...

####### #..@..### #
###'###...## ##
#.@...###..# #.
#.........##)# ###.
#..⌠.....⌠..#§#####...
#.....8.....#.........
##._.###._.########...
#### #### ###. #. #.
##.


You could see Jessica.

Vanquished Creatures
  An adder (D:2)
  2 oozes
  4 bats (D:1)
  2 giant cockroaches (D:1)
  5 hobgoblins
  7 kobolds
  3 frilled lizards (D:1)
  6 goblins
  5 rats
35 creatures vanquished.

Notes
Turn   | Place    | Note
-------+----------+-------------------------------------------
     0 | D:1      | JeffiDaFish the Spriggan Enchanter began the quest for the Orb.
     0 | D:1      | Reached XP level 1. HP: 9/9 MP: 5/5
   541 | D:1      | Reached XP level 2. HP: 13/13 MP: 6/6
   545 | D:1      | Learned a level 2 spell: Ensorcelled Hibernation
   755 | D:1      | Reached skill level 5 in Stealth
   899 | D:1      | Reached XP level 3. HP: 16/16 MP: 8/8
   930 | D:2      | Noticed Jessica
  1784 | D:2      | Found a basalt altar of Yredelemnul.
  1785 | D:2      | Found a shadowy altar of Dithmenos.
  1842 | D:2      | Killed from afar by Jessica

Vault maps used:
D:1:      lightli_arrival_quake, amethyst_killhole, kennysheep_another_room
D:2:      gammafunk_temple_overflow_pools, grunt_ministairs_2,
          roderic_roman_lattice, uniq_jessica

Skill      XL: |  1  2  3 |
---------------+----------+-----
Hexes          | 4 |  4.3
Stealth        | 5 |  5.3
Spellcasting   | 3 |  3.0
Fighting       | |  0.1
Short Blades   | |  1.4
Dodging        | |  3.4
Ice Magic      | |  0.1

Action                   || total
-------------------------++-------
Melee: Dagger            ||   172
 Cast: Ensorcelled Hiber ||     7
  Use: Scroll            ||     5
       Potion            ||     3
 Stab: Sleeping          ||    15
       Distracted        ||     1
Armor: Robe              ||    30
Dodge: Dodged            ||   127
